 Dungeon Crawl Stone Soup version 0.28-a0-1143-gcf6077d4cc (webtiles) character file.

Game seed: 4232162795515756953

408 Subbak the Skirmisher (level 7, -1/55 HPs)
             Began as a Formicid Abyssal Knight on Dec 13, 2021.
             Was a Believer of Lugonu.
             Slain by Duvessa the unseen horror (6 damage)
             ... on level 5 of the Dungeon.
             The game lasted 00:13:25 (4483 turns).

Subbak the Skirmisher (Formicid Abyssal Knight)     Turns: 4483, Time: 00:13:25

Health: -1/55      AC:  7    Str: 17    XL:     7   Next: 13%
Magic:  8/10       EV: 11    Int: 10    God:    Lugonu [**....]
Gold:   195        SH:  0    Dex: 13    Spells: 6/6 levels left

rFire   . . .      SeeInvis +   a - +1 spear
rCold   . . .      Faith    .   (no shield)
rNeg    . . .      Spirit   .   y - +0 ring mail
rPois   .          Reflect  .   (helmet unavailable)
rElec   .          Harm     .   (no cloak)
rCorr   .          Rampage  .   l - +0 pair of gloves
Will    +....                   (no boots)
Stlth   +.........              (no amulet)
HPRegen 0.18/turn               j - ring of willpower
MPRegen 0.12/turn               (no ring)

@: attractive, flying
A: permanent stasis, dig shafts and tunnels, antennae 3, four strong arms
a: Dig, Shaft Self, Renounce Religion, Depart the Abyss, Bend Space


You were on level 5 of the Dungeon.
You worshipped Lugonu.
Lugonu was pleased with you.
You visited 1 branch of the dungeon, and saw 6 of its levels.
You visited the Abyss 1 time.

You collected 195 gold pieces.

Inventory:

Hand Weapons
 a - a +1 spear (weapon)
Missiles
 t - 2 poisoned darts (quivered)
Armour
 l - a +0 pair of gloves (worn)
 y - a +0 ring mail (worn)
Jewellery
 j - a ring of willpower (left hand)
Wands
 m - a wand of flame (14)
 s - a wand of charming (8)
 x - a wand of polymorph (8)
Scrolls
 e - 2 scrolls of immolation
 f - 2 scrolls of identify {unknown}
 h - 2 scrolls of torment {unknown}
 i - 2 scrolls of fear {unknown}
 q - a scroll of silence {unknown}
 u - a scroll of enchant weapon {unknown}
 v - a scroll of amnesia {unknown}
Potions
 c - 3 potions of heal wounds {unknown}
 d - a potion of curing
 g - a potion of resistance {unknown}
 k - a potion of might {unknown}
 n - a potion of haste
 o - a potion of flight
 p - a potion of cancellation {unknown}
 r - a potion of attraction
 w - a potion of brilliance {unknown}


   Skills:
 + Level 4.7 Fighting
 + Level 3.5 Polearms
 + Level 4.0 Armour
 - Level 2.7 Dodging
 * Level 4.1 Invocations


You had 6 spell levels left.
You didn't know any spells.
Your spell library contained the following spells:

 Spells                   Type           Power      Damage    Failure   Level
 Ensorcelled Hibernation  Hex/Ice        0%         N/A       69%         2
 Tukima's Dance           Hex            0%         N/A       89%         3


Dungeon Overview and Level Annotations

Branches:
Dungeon (6/15)             Temple (0/1) D:4

Altars:
Ru
Trog

Annotations:
D:5 Duvessa


Innate Abilities, Weirdness & Mutations

You cannot be hasted, slowed, berserked, paralysed or teleported.
You can dig through walls and to a lower floor.
You have a pair of large antennae on your head. (SInv)
Your four strong arms can wield two-handed weapons with a shield.


Message History

Found a flail, 10 arrows, 10 stones and a ring mail.
There is a stone staircase leading up here.
Space bends around you!
You blink.
An adder comes into view.
The adder closely misses you. Space bends around you!
You blink.
Aiming: Polymorph
Press: ? - help, Shift-Dir - straight line, f - Duvessa
Aim: Duvessa, wielding a +0 rapier and wearing a +0 ring mail (lightly wounded, berserk, will become a howler monkey, an unseen horror, or a steam dragon, chance to affect: 28%) Duvessa easily resists.
Aiming: Polymorph
Press: ? - help, Shift-Dir - straight line, f/p - Duvessa
Aim: Duvessa, wielding a +0 rapier and wearing a +0 ring mail (lightly wounded, berserk, will become a howler monkey, an unseen horror, or a steam dragon, chance to affect: 28%) Duvessa evaporates and reforms as an unseen horror!
Duvessa hits you.
* * * LOW HITPOINT WARNING * * *
You hit Duvessa.
Duvessa is lightly wounded.
Duvessa hits you.
* * * LOW HITPOINT WARNING * * *
Duvessa closely misses you.
It was a potion of curing.
You feel better. Duvessa hits you.
* * * LOW HITPOINT WARNING * * *
Duvessa closely misses you.
It was a potion of haste.
Your stasis prevents you from being hasted.
Duvessa hits you.
* * * LOW HITPOINT WARNING * * *
Duvessa hits you.
* * * LOW HITPOINT WARNING * * *
You feel better. Duvessa hits you but does no damage.
It was a potion of flight.
You feel very buoyant.
You fly up into the air.
Duvessa completely misses you.
It was a potion of attraction.
You feel attractive to monsters. Duvessa hits you.
* * * LOW HITPOINT WARNING * * *
Duvessa hits you.
You die...

... .# #.# .#
#.# .# ####.#
.# ....# [#
#..# .# #
#..##.####(###
#...<.Sx@....#
#.###)####(#.#
#. .# # #. .#
#. .# #. .# #.
.. #. ##


You could see Duvessa the unseen horror (invisible) and an adder.

Vanquished Creatures
  A necrophage (D:4)
  A scorpion (D:4)
  Dowan (D:4)
  A hound (D:6)
  A bullfrog skeleton (D:4)
  Jessica (D:2)
  An orc wizard (D:4)
  A hound zombie (D:5)
  A hound skeleton (D:4)
  An adder skeleton (D:4)
  2 worms (D:2)
  3 dart slugs
  2 orcs (D:4)
  10 endoplasms
  4 giant cockroaches
  4 goblins
  5 hobgoblins
  7 kobolds
  5 quokkas
  10 ball pythons
  2 bats
  3 frilled lizards
  4 rats
71 creatures vanquished.

Notes
Turn   | Place    | Note
-------+----------+-------------------------------------------
     0 | Abyss:1  | Subbak the Formicid Abyssal Knight began the quest for the
                  | Orb.
     0 | Abyss:1  | Reached XP level 1. HP: 18/18 MP: 2/2
    70 | Abyss:1  | Noticed a spatial vortex
    71 | Abyss:1  | Noticed a great orb of eyes
    86 | D:1      | Escaped the Abyss
   187 | D:1      | Reached skill level 1 in Dodging
   219 | D:1      | Reached * piety under Lugonu
   358 | D:1      | Reached XP level 2. HP: 24/24 MP: 3/3
   685 | D:1      | Reached XP level 3. HP: 23/29 MP: 4/4
   743 | D:1      | Found a faded altar of an unknown god.
  1139 | D:2      | Noticed Jessica
  1147 | D:2      | Killed Jessica
  1148 | D:2      | Reached XP level 4. HP: 29/37 MP: 6/6
  2051 | D:3      | Reached ** piety under Lugonu
  2105 | D:3      | You fall into a shaft and drop 3 floors!
  2161 | D:6      | Reached XP level 5. HP: 17/42 MP: 7/7
  2399 | D:6      | Noticed a black bear
  2447 | D:5      | Entered Level 5 of the Dungeon
  2782 | D:4      | Found a sacrificial altar of Ru.
  2822 | D:4      | Reached XP level 6. HP: 45/48 MP: 8/8
  2833 | D:4      | Noticed a black bear
  2853 | D:5      | Noticed an ogre
  2855 | D:5      | Noticed a kobold demonologist
  3111 | D:3      | Found a bloodstained altar of Trog.
  4062 | D:4      | Noticed Dowan
  4064 | D:4      | Noticed Duvessa
  4089 | D:4      | Killed Dowan
  4281 | D:4      | Noticed a necrophage
  4345 | D:4      | Killed a necrophage
  4346 | D:4      | Reached XP level 7. HP: 51/55 MP: 7/10
  4466 | D:4      | Found a staircase to the Ecumenical Temple.
  4477 | D:5      | Noticed Duvessa
  4477 | D:5      | Duvessa changed into Duvessa the unseen horror
  4480 | D:5      | HP: 2/55 [Duvessa the unseen horror (2)]
  4483 | D:5      | Slain by Duvessa the unseen horror

Illustrated notes

Levels and vault maps discovered:
D:1:      wander_arrival_fairy_ring, layout_rooms,
          hellmonk_ecumenical_altar_inner_sanctum
D:2:      layout_loops_ring, grunt_ministairs_6, uniq_jessica
D:3:      layout_loops_cross, nicolae_overflow_crystal_walls, minivault_23,
          chequers_avenue
D:4:      layout_basic, mainiacjoe_overflow_brackets, minmay_temple_entry_mist,
          uniq_duvessa
D:5:      layout_loops_ring, minmay_liquid_box
D:6:      layout_cave_pods, nicolae_vehumet_altar_sigil, ebering_ghost_gozag,
          uniq_menkaure, uniq_crazy_yiuf_cottage

Skill      XL: |  1  2  3  4  5  6  7 |
---------------+----------------------+-----
Dodging        | 1 2 |  2.7
Invocations    | 3 4 |  4.1
Armour         | 3 4 |  4.0
Fighting       | 4 |  4.7
Polearms       | 3 |  3.5

Action                   |  1- 3 |  4- 6 |  7- 9 || total
-------------------------+-------+-------+-------++-------
Melee: Spear             |    90 |   193 |     7 ||   290
Throw: Dart              |       |     3 |       ||     3
Invok: Depart the Abyss  |     1 |       |       ||     1
       Bend Space        |       |     7 |     5 ||    12
Evoke: Wand              |       |       |     2 ||     2
  Use: Scroll            |       |     2 |       ||     2
       Potion            |       |       |     5 ||     5
 Stab: Sleeping          |     2 |     2 |       ||     4
       Distracted        |       |     1 |       ||     1
Armor: Leather armour    |    10 |    28 |       ||    38
       Ring mail         |       |       |     3 ||     3
Dodge: Dodged            |    24 |    80 |     9 ||   113

Table legend: (Time is in decaauts)
 A = Elapsed time spent in this place.
 B = Non-inter-level travel time spent in this place.
 C = Inter-level travel time spent in this place.
 D = Time resting spent in this place.
 E = Time spent auto-exploring this place.
 F = Levels seen in this place.
 G = Mean time per level.
                   A        B        C        D        E       F      G
               +--------+--------+--------+--------+--------+-----+--------+
         Total |   4475 |   4262 |    213 |    673 |   2306 |   7 |  639.3 |
       Dungeon |   4389 |   4176 |    213 |    673 |   2306 |   6 |  731.5 |
         Abyss |     86 |     86 |      0 |      0 |      0 |   1 |   86.0 |
               +--------+--------+--------+--------+--------+-----+--------+

Top non-repeatable levels by time:
     D:4: 1138 daAuts
     D:2: 950 daAuts
     D:3: 943 daAuts
     D:1: 883 daAuts
     D:6: 341 daAuts
     D:5: 131 daAuts
 Abyss:1: 86 daAuts
